 Dungeon Crawl Stone Soup version 0.24.0-37-gcf1ca852f1 (webtiles) character file.

Game seed: 17792422302104094141, levelgen mode: deterministic

1903 Delamore the Cleaver (level 9, -11/105 HPs)
             Began as a Hill Orc Fighter on Nov 23, 2019.
             Was a Follower of Okawaru.
             Mangled by Prince Ribbit (13 damage)
             ... on level 7 of the Dungeon.
             The game lasted 00:09:21 (7122 turns).

Delamore the Cleaver (Hill Orc Fighter)             Turns: 7122, Time: 00:09:21

Health: -11/105    AC:  9    Str: 27    XL:     9   Next: 15%
Magic:  9/9        EV:  7    Int:  8    God:    Okawaru [*.....]
Gold:   422        SH: 10    Dex: 14    Spells: 8/8 levels left

rFire    . . .     SeeInvis +   E - +1 morningstar of the Moth {flame, Dex+4} (curse)
rCold    . . .     Gourm    .   c - +0 shield
rNeg     . . .     Faith    .   b - +0 scale mail
rPois    .         Spirit   .   H - +1 helmet
rElec    .         Reflect  .   r - scarf {cloud immunity}
rCorr    .         Harm     .   (no gloves)
MR       .....                  (no boots)
Stlth    ..........             (no amulet)
HPRegen  0.27/turn              D - ring of see invisible
MPRegen  0.11/turn              (no ring)

@: berserking (expiring), very quick
A: no striking features
a: Heroism, Renounce Religion


You were on level 7 of the Dungeon.
You worshipped Okawaru.
Okawaru was aware of your devotion.
You were very hungry.

You visited 2 branches of the dungeon, and saw 8 of its levels.

You collected 422 gold pieces.

Inventory:

Hand Weapons
 a - a +0 war axe
 E - the cursed +1 morningstar of the Moth (weapon) {flame, Dex+4}
   (You found it on level 5 of the Dungeon)

   It has been specially enchanted to burn those struck by it, causing extra
   injury to most foes and up to half again as much damage against particularly
   susceptible opponents.
   It affects your dexterity (+4).
   It has a curse placed upon it.
Missiles
 e - 41 poisoned darts (quivered)
 I - a throwing net
Armour
 b - a +0 scale mail (worn)
 c - a +0 shield (worn)
 g - a scarf of resistance
 r - a scarf of cloud immunity (worn)
 H - a +1 helmet (worn)
Jewellery
 D - a ring of see invisible (left hand)
Wands
 s - a wand of enslavement (9)
 x - a wand of scattershot (6)
 K - a wand of flame (24)
Scrolls
 k - a scroll of remove curse {unknown}
 n - 2 scrolls of magic mapping
 o - a scroll of amnesia
 p - 5 scrolls of teleportation
 q - 8 scrolls of identify
 t - 5 scrolls of enchant armour
 u - 2 scrolls of blinking
 v - 2 scrolls of enchant weapon {unknown}
 w - a scroll of random uselessness {unknown}
 y - a scroll of torment {unknown}
 z - a scroll of noise {unknown}
 A - a scroll of fear {unknown}
 B - a scroll of immolation {unknown}
 C - a scroll of acquirement
Potions
 d - 3 potions of might
 h - a potion of ambrosia {unknown}
 i - 3 potions of haste
 j - a potion of magic
 l - a potion of cancellation {unknown}
 m - a potion of flight {unknown}
 F - a potion of curing
 G - a potion of berserk rage
 J - a potion of experience {unknown}
Comestibles
 f - 8 rations


   Skills:
 - Level 3.6 Fighting
 + Level 14.5 Axes
 - Level 3.2 Armour
 - Level 3.2 Shields


You had 8 spell levels left.
You didn't know any spells.
Your spell library contained the following spells:

 Spells                   Type           Power        Failure   Level  Hunger
 Corona                   Hex            #......      99%         1    ##.....
 Magic Dart               Conj           #...         99%         1    ##.....
 Shock                    Conj/Air       #...         99%         1    ##.....
 Blink                    Tloc           N/A          100%        2    ###....
 Call Imp                 Summ           #.......     100%        2    ###....
 Ensorcelled Hibernation  Hex/Ice        #.....       100%        2    ###....
 Slow                     Hex            #.......     100%        2    ###....
 Swiftness                Chrm/Air       #.......     100%        2    ###....
 Confuse                  Hex            #.......     100%        3    ####...
 Conjure Flame            Conj/Fire      #.......     100%        3    ####...
 Dazzling Spray           Conj/Hex       #.....       100%        3    ####...
 Mephitic Cloud           Conj/Pois/Air  #.......     100%        3    ####...
 Static Discharge         Conj/Air       #.......     100%        3    ####...
 Tukima's Dance           Hex            #.......     100%        3    ####...
 Airstrike                Air            #.........   100%        4    #####..
 Lightning Bolt           Conj/Air       #.........   100%        5    ######.


Dungeon Overview and Level Annotations

Branches:
Dungeon (7/15)             Temple (1/1) D:6

Altars:
Ashenzari
Cheibriados
Dithmenos
Fedhas
Gozag
Kikubaaqudgha
Makhleb
Nemelex Xobeh
Okawaru
Qazlal
Ru
Sif Muna
Vehumet
Wu Jian
Xom
Yredelemnul
The Shining One
Lugonu

Shops:
D:6 =

Annotations:
D:7 Prince Ribbit


Message History

The gnoll hits you with a +0 trident.
* * * LOW HITPOINT WARNING * * *
Prince Ribbit hits you but does no damage.
You closely miss Prince Ribbit. Prince Ribbit hits you.
* * * LOW HITPOINT WARNING * * *
The gnoll barely misses you.
It was a potion of berserk rage.
A red film seems to cover your vision as you go berserk!
You feel yourself moving faster!
You feel mighty!
Prince Ribbit blinks!
You block the gnoll's attack.
You thump the gnoll! You burn the gnoll.
You kill the gnoll!
Okawaru accepts your kill.
Prince Ribbit blinks!
You feel a strong urge to attack something.
Prince Ribbit closely misses you.
You sock Prince Ribbit! You burn Prince Ribbit.
Prince Ribbit is heavily wounded.
Prince Ribbit hits you!
You die...

##..................#
###.<.............##
########........#
#...#........#
#_..'........#
#...#.....#..#
#####........# ###.F...##
##.@ยง.# ##...# ##..##
#####).# ##....#.# ######
##....g..### ####.....
#..........###........
####.......##............
#..........#####.........


You could see Prince Ribbit.

Vanquished Creatures
  2 orc warriors (D:6)
  An ice beast (D:7)
  2 phantoms (D:7)
  A sky beast (D:5)
  2 ogres (D:7)
  A centaur (D:7)
  3 bullfrogs (D:6)
  A water moccasin skeleton (D:5)
  A howler monkey (D:4)
  3 crimson imps
  A hound (D:6)
  3 orc wizards (D:4)
  3 gnoll shamans (D:7)
  Terence (D:2)
  An iguana (D:4)
  2 worker ants
  A worker ant zombie (D:5)
  15 adders
  15 gnolls
  A howler monkey skeleton (D:5)
  2 oozes
  5 dart slugs
  2 worms
  9 leopard geckos
  17 orcs
  2 ball pythons
  3 giant cockroaches
  9 goblins
  3 hobgoblins
  5 jackals
  3 quokkas
  9 bats
  7 frilled lizards
  7 kobolds
  A leopard gecko skeleton (D:5)
  3 rats
147 creatures vanquished.

Notes
Turn   | Place    | Note
-------+----------+-------------------------------------------
     0 | D:1      | Delamore the Hill Orc Fighter began the quest for the Orb.
     0 | D:1      | Reached XP level 1. HP: 19/19 MP: 1/1
    23 | D:1      | Reached skill level 3 in Axes
    94 | D:1      | Reached XP level 2. HP: 17/26 MP: 2/2
   247 | D:1      | Reached skill level 4 in Axes
   271 | D:1      | Reached XP level 3. HP: 24/31 MP: 3/3
   599 | D:1      | Reached skill level 5 in Axes
   740 | D:2      | Noticed Terence
   756 | D:2      | Killed Terence
   756 | D:2      | Reached XP level 4. HP: 27/39 MP: 4/4
   785 | D:2      | Reached skill level 6 in Axes
   953 | D:2      | Reached XP level 5. HP: 5/45 MP: 5/5
  1279 | D:2      | Reached skill level 7 in Axes
  1452 | D:3      | Found a stormy altar of Qazlal.
  1452 | D:3      | Found a basalt altar of Yredelemnul.
  1461 | D:3      | Found a shimmering blue altar of Sif Muna.
  1558 | D:3      | Found an opulent altar of Gozag.
  2222 | D:4      | Reached skill level 8 in Axes
  2222 | D:4      | Reached XP level 6. HP: 29/51 MP: 6/6
  2549 | D:4      | Found a shimmering altar of Xom.
  2597 | D:4      | Found a blossoming altar of Fedhas.
  2749 | D:4      | Reached skill level 9 in Axes
  3403 | D:5      | Entered Level 5 of the Dungeon
  3404 | D:5      | You fall into a shaft and drop 1 floor!
  3432 | D:6      | Reached XP level 7. HP: 57/57 MP: 7/7
  3487 | D:6      | Found an ornate altar of the Wu Jian Council.
  3502 | D:6      | Found a staircase to the Ecumenical Temple.
  3513 | D:6      | Found Uroh's Jewellery Shoppe.
  3518 | Temple   | Entered the Ecumenical Temple
  3555 | Temple   | Became a worshipper of Warmaster Okawaru
  3608 | D:6      | Found a burning altar of Makhleb.
  3807 | D:6      | Reached skill level 10 in Axes
  3945 | D:6      | HP: 2/57 [orc/+0 trident (6)]
  4144 | D:5      | Reached skill level 11 in Axes
  4700 | D:5      | Got a scorched morningstar
  4701 | D:5      | Identified the cursed +1 morningstar of the Moth {flame,
                  | Dex+4} (You found it on level 5 of the Dungeon)
  4767 | D:5      | Reached XP level 8. HP: 55/64 MP: 8/8
  4968 | D:5      | Found a sacrificial altar of Ru.
  5154 | D:5      | Reached skill level 12 in Axes
  6218 | D:7      | Reached * piety under Okawaru
  6282 | D:7      | Identified a scroll of acquirement
  6287 | D:7      | Noticed Prince Ribbit
  6378 | D:7      | Reached skill level 13 in Axes
  6391 | D:7      | Found a glowing golden altar of the Shining One.
  6841 | D:7      | Found a shadowy altar of Dithmenos.
  6956 | D:7      | Reached skill level 14 in Axes
  6956 | D:7      | Reached XP level 9. HP: 47/70 MP: 9/9
  7110 | D:7      | HP: 3/70 [gnoll/+0 trident (8)]
  7117 | D:7      | HP: 1/70 [Prince Ribbit (6)]
  7122 | D:7      | Mangled by Prince Ribbit

Levels and vault maps discovered:
D:1:      dpeg_arrival_water_temple_mockup, layout_basic, serial_curves,
          eino_curves_02, eino_curves_03, minmay_box_of_dots
D:2:      layout_rooms, kennysheep_generic_room_11, uniq_terence
D:3:      layout_loops_ring, nicolae_gozag_seed_capital,
          chequers_temple_overflow_statue_of_worship, first_ration
D:4:      layout_basic, nicolae_overflow_hidden_temple, kennysheep_mini,
          columned_hall_lemuel, hangedman_abyss_or_decor_stabs,
          hangedman_decor_peaks_small
D:5:      minmay_angry_zag, layout_basic, nicolae_ru_path_of_blood
D:6:      layout_basic, lemuel_doored_altar, overflow_temple_1_default,
          minmay_temple_entry_statues, serial_shops, shop,
          lightli_corner_chamber
D:7:      kennysheep_seaside_town, layout_cave_pods, grunt_dithmenos_shadows,
          tso_altar, uniq_prince_ribbit1
Temple:   corrupted_temple

Skill      XL: |  1  2  3  4  5  6  7  8 |
---------------+-------------------------+-----
Axes           | 3 4 5 6 8 9 11 14 | 14.5
Fighting       | |  3.6
Armour         | |  3.2
Shields        | |  3.2

Action                   |  1- 3 |  4- 6 |  7- 9 || total
-------------------------+-------+-------+-------++-------
Melee: War axe           |   108 |   169 |    62 ||   339
       Morningstar       |       |       |   165 ||   165
Throw: Dart              |     2 |     1 |     3 ||     6
  Use: Potion            |       |       |     4 ||     4
       Scroll            |       |       |     6 ||     6
  Eat: Chunk             |       |     8 |    11 ||    19
Armor: Scale mail        |    73 |    56 |    74 ||   203
Dodge: Dodged            |    56 |    51 |    82 ||   189
Block: Shield            |    86 |    68 |   120 ||   274
